 Dungeon Crawl Stone Soup version 0.25-a0-843-g6944ee31a2 (webtiles) character file.

Game seed: 12892614664310104398, levelgen mode: deterministic

6 Esekla the Chiller (level 1, -5/10 HPs)
             Began as a Tengu Ice Elementalist on Apr 26, 2020.
             Killed by nerve-wracking pain
             ... invoked by a shadow imp
             ... summoned by Natasha
              (12 damage)
             ... on level 2 of the Dungeon.
             The game lasted 00:02:18 (343 turns).

Esekla the Chiller (Tengu Ice Elementalist)          Turns: 343, Time: 00:02:19

Health: -5/10      AC:  2    Str:  8    XL:     1   Next: 90%
Magic:  2/4        EV: 13    Int: 15    God:
Gold:   42         SH:  0    Dex: 14    Spells: 3/4 levels left

rFire    . . .     SeeInvis .   e - +0 dagger
rCold    . . .     Gourm    .   (no shield)
rNeg     . . .     Faith    .   a - +0 robe
rPois    .         Spirit   .   (helmet restricted)
rElec    .         Reflect  .   (no cloak)
rCorr    .         Harm     .   (no gloves)
MR       .....                  (boots unavailable)
Stlth    ++........             (no amulet)
HPRegen  0.03/turn              (no ring)
MPRegen  0.09/turn              (no ring)

@: no status effects
A: beak, talons 3
a: no special abilities


You were on level 2 of the Dungeon.
You were not hungry.

You visited 1 branch of the dungeon, and saw 2 of its levels.

You collected 42 gold pieces.

Inventory:

Hand Weapons
 e - a +0 dagger (weapon)
Missiles
 f - 8 javelins (quivered)
Armour
 a - a +0 robe (worn)
Scrolls
 d - 3 scrolls of random uselessness {unknown}
 g - a scroll of fog {unknown}
Potions
 b - a potion of stabbing {unknown}
Comestibles
 c - a ration


   Skills:
 * Level 1.1 Armour
 + Level 2.3 Dodging
 - Level 2.0 Stealth
 + Level 2.0 Spellcasting
 - Level 3.6 Ice Magic


You had 3 spell levels left.
You knew the following spells:

 Your Spells              Type           Power        Failure   Level  Hunger
a - Freeze                Ice            ##..         4%          1    #......

Your spell library contained the following spells:

 Spells                   Type           Power        Failure   Level  Hunger
 Frozen Ramparts          Ice            ##....       16%         3    ###....
 Ozocubu's Armour         Chrm/Ice       #.......     32%         3    ###....
 Hailstorm                Conj/Ice       #.......     71%         4    #####..
 Summon Ice Beast         Ice/Summ       #.......     71%         4    #####..


Dungeon Overview and Level Annotations

Branches:
Dungeon (2/15)

Altars:

Annotations:
D:2 Natasha


Innate Abilities, Weirdness & Mutations

You have a beak for a mouth.
You have claws for feet.


Message History

Casting: Freeze (safe; 4% risk of failure)
Confirm with . or Enter, or press ? or * to list all spells.
Aiming: Freeze (safe; 4% risk of failure)
Press: ? - help, Shift-Dir - straight line, f - Natasha
Aim: Natasha You freeze Natasha.
Natasha is heavily wounded.
Natasha mumbles some strange words.
Casting: Freeze (safe; 4% risk of failure)
Confirm with . or Enter, or press ? or * to list all spells.
Aiming: Freeze (safe; 4% risk of failure)
Press: ? - help, Shift-Dir - straight line, f/p - Natasha
Aim: Natasha (heavily wounded)
You freeze Natasha.
Natasha is severely wounded.
Natasha claws you. The shadow imp gestures at you.
Pain shoots through your body!
Ouch! That really hurt!
You die...

#.# # #.. #.#
########## #..
#.# #.........
..#### #.#
#.###.....
.....##.###.#
#.####
..#.$....#.#
#.#
#.##.###...#
#.# #.#..#
#.### #.#
#.@h.###.# #.#
#.....#..$...#
#.#
###>.##5####.#
#.# #.. #.#
#.# ... ...
#.. #### #..#
.... #..#
##### #..#


You could see Natasha and a shadow imp.

Vanquished Creatures
  A leopard gecko (D:1)
  A bat (D:1)
  A goblin (D:1)
  A hobgoblin (D:1)
4 creatures vanquished.

Notes
Turn   | Place    | Note
-------+----------+-------------------------------------------
     0 | D:1      | Esekla the Tengu Ice Elementalist began the quest for the
                  | Orb.
     0 | D:1      | Reached XP level 1. HP: 10/10 MP: 4/4
   153 | D:1      | Reached skill level 1 in Armour
   331 | D:2      | Noticed Natasha
   343 | D:2      | Killed from afar by a shadow imp

Levels and vault maps discovered:
D:1:      dpeg_arrival_arbitrary_c, layout_basic, nrook_loot_triangle
D:2:      minmay_alternating_diamond, layout_loops_ring, lemuel_round_altar,
          gammafunk_temple_overflow_forgotten, chequers_ecumenical_altar_twisty,
          first_ration, uniq_natasha

Skill      XL: |  1 |
---------------+----+-----
Armour         | 1 |  1.1
Dodging        | |  2.3
Stealth        | |  2.0
Spellcasting   | |  2.0
Ice Magic      | |  3.6

Action                   || total
-------------------------++-------
 Cast: Freeze            ||     7
Armor: Robe              ||     1
Dodge: Dodged            ||     7

Table legend:
 A = Non-vault XP
 B = Vault XP
 C = Vault XP percentage of total XP
 D = Non-vault monster count
 E = Vault monster count
 F = Vault count percentage of total count
                 A         B        C        D         E       F
            +---------+---------+-------+---------+---------+-------
      Total |       9 |       0 |   0.0 |       4 |       0 |   0.0
            +---------+---------+-------+---------+---------+-------
        D:1 |       9 |       0 |   0.0 |       4 |       0 |   0.0
            +---------+---------+-------+---------+---------+-------
